 Dungeon Crawl Stone Soup version 0.22.0-27-ga576289 (webtiles) character file.

322 Doobh the Sneak (level 6, 0/38 HPs)
             Began as a Kobold Assassin on Aug 21, 2018.
             Slain by an orc wizard
             ... wielding a cursed -2 dagger
              (1 damage)
             ... on level 3 of the Dungeon.
             The game lasted 00:14:55 (3312 turns).

Doobh the Sneak (Kobold Assassin)                   Turns: 3312, Time: 00:14:56

Health: 0/38       AC:  3    Str:  8    XL:     6   Next: 76%
Magic:  6/6        EV: 16    Int: 12    God:
Gold:   132        SH:  0    Dex: 19    Spells: 5/5 levels left

rFire    . . .     SeeInvis .   v - +3 dagger (venom)
rCold    . . .     Gourm    .   (shield restricted)
rNeg     . . .     Faith    .   c - +0 robe
rPois    .         Spirit   .   (no helmet)
rElec    .         Reflect  .   d - +0 cloak
rCorr    .         Harm     +   (no gloves)
MR       .....                  (no boots)
Stlth    +++.......             m - amulet of harm
HPRegen  0.12/turn              (no ring)
MPRegen  0.10/turn              (no ring)

@: no status effects
A: small, carnivore
a: no special abilities


You were on level 3 of the Dungeon.
You were very full.

You visited 1 branch of the dungeon, and saw 4 of its levels.

You collected 132 gold pieces.

Inventory:

Hand Weapons
 b - a +0 blowgun
 o - a +0 hunting sling
 v - a +3 dagger of venom (weapon)
Missiles
 e - 15 poisoned needles
 f - 2 curare-tipped needles
 l - 95 stones (quivered)
 p - 34 sling bullets
Armour
 c - a +0 robe (worn)
 d - a +0 cloak (worn)
Jewellery
 m - an amulet of harm (around neck)
Scrolls
 i - a scroll of fear {unknown}
 j - 2 scrolls of teleportation
 k - 6 scrolls of identify
 q - a scroll of enchant armour {unknown}
 t - 2 scrolls of remove curse {unknown}
 w - a scroll of fog {unknown}
Potions
 a - a potion of brilliance {unknown}
 h - a potion of lignification
 r - 3 potions of degeneration {unknown}
 s - a potion of invisibility {unknown}
 u - a potion of might {unknown}
Comestibles
 g - 6 rations


   Skills:
 * Level 4.2 Fighting
 + Level 4.2 Short Blades
 * Level 4.3 Throwing
 + Level 3.0 Dodging
 + Level 6.1 Stealth


You had 5 spell levels left.
You didn't know any spells.
Your spell library was empty.

Dungeon Overview and Level Annotations

Branches:
Dungeon (4/15)
 Temple: D:4-7

Altars:
Elyvilon
Makhleb
Qazlal
Xom

Annotations:
D:4 Menkaure


Innate Abilities, Weirdness & Mutations

You are small and have problems with some larger weapons.
You are carnivorous and can eat meat at any time.


Message History

You hit the orc wizard.
The orc wizard is poisoned.
The orc wizard is lightly wounded.
The orc wizard casts a spell at you. The puff of flame hits you!
* * * LOW HITPOINT WARNING * * *
You closely miss the orc wizard.
The orc wizard is lightly wounded.
The orc wizard hits you but does no damage.
You hit the orc wizard but do no damage.
The orc wizard looks as sick as possible!
The orc wizard is lightly wounded.
You hit the orc wizard.
The orc wizard looks as sick as possible!
The orc wizard is moderately wounded.
The orc wizard hits you but does no damage.
Okay, then.
You barely miss the orc wizard.
The orc wizard is heavily wounded.
The orc wizard hits you with a dagger.
You die...

................#...........# ##.
.............##.#.###.#.....###..
##.#....####.##.......#.....##.#.
#.#....# #......#############..
#.#....# ######.#### ##. #.#....#
#.......# #.
##.#....######.##.##)## #.
.#......##.....)o.##..##########.
.####...)..###.#@..>.#.##......#.
.####[####.###.#.##.....#.##.....
...............#.##...#.#.##.#.##
.####......##................#.#
.# #......##.##.##.###.#.####.#
.# #.........รท..##.###.#.####.#
## #.#######.#####.....#......# #
#.# ##.## ############## # #.#
#...#


You could see an orc wizard.

Vanquished Creatures
  2 orc priests (D:3)
  2 hounds
  An iguana (D:4)
  A worker ant (D:4)
  5 adders
  An ooze (D:1)
  2 worms
  2 dart slugs
  3 leopard geckos
  3 orcs (D:3)
  A ball python (D:2)
  4 giant cockroaches
  12 goblins
  5 hobgoblins
  10 jackals
  A quokka (D:3)
  16 bats
  3 frilled lizards
  10 kobolds
  14 rats
98 creatures vanquished.

Notes
Turn   | Place    | Note
-------+----------+-------------------------------------------
     0 | D:1      | Doobh the Kobold Assassin began the quest for the Orb.
     0 | D:1      | Reached XP level 1. HP: 12/12 MP: 1/1
   285 | D:1      | Reached XP level 2. HP: 18/18 MP: 2/2
   392 | D:1      | Reached XP level 3. HP: 20/22 MP: 3/3
  1073 | D:2      | Reached XP level 4. HP: 27/27 MP: 4/4
  1541 | D:2      | Found a white marble altar of Elyvilon.
  1733 | D:2      | Reached XP level 5. HP: 32/32 MP: 5/5
  2019 | D:2      | Found a shimmering altar of Xom.
  2019 | D:2      | Found a stormy altar of Qazlal.
  2234 | D:3      | Found a burning altar of Makhleb.
  2590 | D:3      | Reached XP level 6. HP: 35/38 MP: 6/6
  3026 | D:4      | Noticed Menkaure
  3028 | D:4      | Reached skill level 6 in Stealth
  3308 | D:3      | HP: 1/38 [orc wizard/puff of flame (9)]
  3312 | D:3      | Slain by an orc wizard

Skill      XL: |  1  2  3  4  5  6 |
---------------+-------------------+-----
Short Blades   | 3 4 |  4.2
Throwing       | 3 4 |  4.3
Fighting       | 3 4 |  4.2
Dodging        | 2 3 |  3.0
Stealth        | 6 |  6.1

Action                   |  1- 3 |  4- 6 || total
-------------------------+-------+-------++-------
Melee: Dagger            |   115 |   136 ||   251
 Fire: Blowgun           |       |     4 ||     4
Throw: Stone             |    56 |    18 ||    74
  Use: Scroll            |     6 |     3 ||     9
 Stab: Sleeping          |     7 |    19 ||    26
  Eat: Chunk             |     9 |     6 ||    15
Armor: Robe              |    38 |    15 ||    53
Dodge: Dodged            |    83 |    73 ||   156
